 Dungeon Crawl Stone Soup version 0.22-a0-355-g201945f (webtiles) character file.

67 Amnesiac the Conjurer (level 4, -1/21 HPs)
             Began as a Vine Stalker Wizard on Apr 17, 2018.
             Succumbed to Robin's poison
             ... on level 2 of the Dungeon.
             The game lasted 00:02:41 (2741 turns).

Amnesiac the Conjurer (Vine Stalker Wizard)         Turns: 2741, Time: 00:02:42

Health: -1/21      AC:  2    Str:  9    XL:     4   Next: 16%
Magic:  0/10       EV: 12    Int: 19    God:
Gold:   106        SH:  0    Dex: 13    Spells: 3/10 levels left

rFire    . . .     SeeInvis .   e - +0 dagger
rCold    . . .     Gourm    .   (no shield)
rNeg     . . .     Faith    .   a - +0 robe
rPois    .         Spirit   +   b - +0 hat
rElec    .         Reflect  .   (no cloak)
rCorr    .         Harm     .   (no gloves)
MR       .....                  (no boots)
Stlth    ++........             (no amulet)
HPRegen  0.47/turn              (no ring)
MPRegen  0.12/turn              (no ring)

@: lethally poisoned (-1 -> -24), very slightly contaminated
A: fangs 2, regeneration 1, magic shield, antimagic bite, no potion heal 3, rot
immunity
a: no special abilities


You were on level 2 of the Dungeon.
You were not hungry.

You visited 1 branch of the dungeon, and saw 3 of its levels.

You collected 106 gold pieces.

Inventory:

Hand Weapons
 e - a +0 dagger (weapon)
Armour
 a - a +0 robe (worn)
 b - a +0 hat (worn)
Jewellery
 g - an uncursed amulet of faith {unknown}
Scrolls
 f - a scroll of blinking {!r, unknown}
 i - 2 scrolls of noise {!r, unknown}
Potions
 c - a potion of heal wounds {!q, unknown}
 h - a potion of curing {!q, unknown}
Comestibles
 d - 5 rations
 j - 2 chunks of flesh


   Skills:
 - Level 1.5 Dodging
 - Level 2.4 Stealth
 - Level 3.5 Spellcasting
 * Level 3.7 Conjurations
 - Level 1.0 Summonings
 - Level 1.0 Translocations


You had 3 spell levels left.
You knew the following spells:

 Your Spells              Type           Power        Failure   Level  Hunger
a - Magic Dart            Conj           ###.         3%          1    None
b - Call Imp              Summ           #.......     14%         2    ##.....
e - Slow                  Hex            #.......     22%         2    ##.....
v - Blink                 Tloc           N/A          14%         2    ##.....


Dungeon Overview and Level Annotations

Branches:
Dungeon (3/15)

Altars:
Elyvilon

Annotations:
D:2 Robin
D:3 Nib's ghost, novice OpAs


Innate Abilities, Weirdness & Mutations

You have extremely sharp teeth.
Your natural rate of healing is unusually fast.
When hurt, damage is shared between your health and your magic reserves.
Your bite disrupts and absorbs the magic of your enemies.
Potions cannot restore your health.
You are immune to rotting.


Message History

Robin closely misses you.
There is a stone staircase leading up here.
Casting: Magic Dart (safe; 3% risk of failure)
Confirm with . or Enter, or press ? or * to list all spells.
Aiming: Magic Dart (safe; 3% risk of failure)
Press: ? - help, Shift-Dir - straight line, f/p - Robin
Aim: Robin, wielding a spear of venom, wearing an animal skin and wearing a helmet (heavily wounded)
The magic dart hits Robin.
Robin is heavily wounded.
Robin hits you with a spear of venom.
You are poisoned.
You feel sick. Robin hits you with a spear of venom.
You are more poisoned.
You climb upwards.
You feel sick.
There is a stone staircase leading down here.
Casting: Magic Dart (safe; 3% risk of failure)
Confirm with . or Enter, or press ? or * to list all spells.
Aiming: Magic Dart (safe; 3% risk of failure)
Press: ? - help, Shift-Dir - straight line, f - Robin
Aim: Robin, wielding a spear of venom, wearing an animal skin and wearing a helmet (heavily wounded)
The magic dart hits Robin.
Robin is severely wounded.
You feel sick. Robin closely misses you.
Casting: Magic Dart (safe; 3% risk of failure)
Confirm with . or Enter, or press ? or * to list all spells.
Aiming: Magic Dart (safe; 3% risk of failure)
Press: ? - help, Shift-Dir - straight line, f/p - Robin
Aim: Robin, wielding a spear of venom, wearing an animal skin and wearing a helmet (severely wounded)
The magic dart hits Robin.
Robin is almost dead.
You feel sick. Robin hits you with a spear of venom.
You are more poisoned.
Casting: Magic Dart (safe; 3% risk of failure)
Confirm with . or Enter, or press ? or * to list all spells.
Aiming: Magic Dart (safe; 3% risk of failure)
Press: ? - help, Shift-Dir - straight line, f/p - Robin
Aim: Robin, wielding a spear of venom, wearing an animal skin and wearing a helmet (almost dead)
The magic dart hits Robin.
Robin is almost dead.
You feel sick. Robin closely misses you.
Casting: Magic Dart (safe; 3% risk of failure)
Confirm with . or Enter, or press ? or * to list all spells.
Aiming: Magic Dart (safe; 3% risk of failure)
Press: ? - help, Shift-Dir - straight line, f/p - Robin
Aim: Robin, wielding a spear of venom, wearing an animal skin and wearing a helmet (almost dead)
The magic dart hits Robin.
Robin is almost dead.
* * * LOW HITPOINT WARNING * * *
You feel sick. Robin hits you with a spear of venom.
* * * LOW HITPOINT WARNING * * *
You are more poisoned.
Casting: Magic Dart (safe; 3% risk of failure)
Confirm with . or Enter, or press ? or * to list all spells.
You don't have enough magic to cast that spell.
You barely miss Robin. You bite Robin, but do no damage.
Robin is almost dead.
* * * LOW HITPOINT WARNING * * *
You feel sick. Robin hits you with a spear of venom.
* * * LOW HITPOINT WARNING * * *
You are more poisoned.
Okay, then.
You hit Robin but do no damage.
Robin is almost dead.
You die...

>..#.....######.......#
#......
##.#.##...........#####
#..)...
#.#.##.#######...#
#......
#.#.##...........#
#......
#.#..#..####.....#
#......
##.####..####.##.##
#......
...............#.#
#......
##.#####..###..#'###
#...... #.#
#........@g.# #######
##.# #...........#
.#.#####...........#
.#........#'########
.#........#)#
.#.########.##
.............#
##.##################
#.# #..........#


You could see Robin.

Vanquished Creatures
  A gnoll (D:1)
  A worm (D:2)
  A dart slug (D:1)
  2 leopard geckos (D:1)
  A ball python (D:2)
  2 giant cockroaches
  18 goblins
  6 hobgoblins
  3 jackals
  2 bats
  4 frilled lizards
  4 kobolds
  A rat (D:3)
46 creatures vanquished.

Notes
Turn   | Place    | Note
-------+----------+-------------------------------------------
     0 | D:1      | Amnesiac the Vine Stalker Wizard began the quest for the Orb.
     0 | D:1      | Reached XP level 1. HP: 9/9 MP: 5/5
   257 | D:1      | Reached XP level 2. HP: 8/13 MP: 0/7
   825 | D:1      | Reached XP level 3. HP: 16/16 MP: 1/9
  1413 | D:1      | Learned a level 2 spell: Blink
  1416 | D:1      | Learned a level 2 spell: Call Imp
  1419 | D:1      | Learned a level 2 spell: Slow
  1806 | D:2      | Found a white marble altar of Elyvilon.
  1810 | D:3      | Found a faded altar of an unknown god.
  2309 | D:3      | Noticed Nib's ghost (novice OpAs)
  2480 | D:3      | Noticed Robin
  2485 | D:2      | Gained mutation: Your natural rate of healing is unusually fast. [Vine Stalker growth]
  2485 | D:2      | Reached XP level 4. HP: 13/21 MP: 3/10
  2741 | D:2      | Succumbed to Robin's poison

Vault maps used:
D:1:      minmay_arrival_arboretum_small, serial_forest,
          infiniplex_forest_clump_medium, infiniplex_forest_lined_2,
          infiniplex_forest_corner_1, infiniplex_forest_corner_1,
          infiniplex_forest_lined_3_way, infiniplex_forest_diagonal,
          infiniplex_forest_straight_4, infiniplex_forest_clump_small,
          hangedman_decor_growths, corexii_leaking_fountain,
          minmay_misc_feat_four_crosses
D:2:      lemuel_crystal_altar
D:3:      nicolae_overflow_hidden_temple,
          chequers_ecumenical_altar_simple_redux, uniq_robin

Skill      XL: |  1  2  3 |
---------------+----------+-----
Conjurations   | 2 3 |  3.7
Dodging        | |  1.5
Stealth        | |  2.4
Spellcasting   | |  3.5
Summonings     | |  1.0
Translocations | |  1.0

Action                   |  1- 3 |  4- 6 || total
-------------------------+-------+-------++-------
Melee: Unarmed           |    10 |       ||    10
       Bite              |     2 |     4 ||     6
       Dagger            |     5 |    13 ||    18
 Cast: Magic Dart        |    88 |    21 ||   109
 Stab: Sleeping          |     1 |       ||     1
  Eat: Chunk             |     4 |     1 ||     5
Armor: Robe              |     7 |     6 ||    13
Dodge: Dodged            |    17 |    25 ||    42

Table legend:
 A = Spawn XP
 B = Non-spawn XP
 C = Spawn XP percentage of total XP
 D = Spawn monster count
 E = Non-spawn monster count
 F = Spawn count percentage of total count
 G = Total turns spent on level
                    A         B        C        D         E        F      G
               +---------+---------+-------+---------+---------+-------+---------
         Total |       0 |      96 |   0.0 |       0 |      46 |   0.0 |  2741
               +---------+---------+-------+---------+---------+-------+---------
           D:1 |       0 |      54 |   0.0 |       0 |      23 |   0.0 |  1463
           D:2 |       0 |      38 |   0.0 |       0 |      20 |   0.0 |  1222
           D:3 |       0 |       4 |   0.0 |       0 |       3 |   0.0 |    56
               +---------+---------+-------+---------+---------+-------+---------
